 Dungeon Crawl Stone Soup version 0.27.1-35-g4d5d836560 (console) character file.

Game seed: 5824429275501936634

17 grimtooth the Skirmisher (level 2, -1/25 HPs)
             Began as a Palentonga Abyssal Knight on June 5, 2022.
             Was an Initiate of Lugonu.
             Slain by an adder (2 damage)
             ... on level 2 of the Dungeon.
             The game lasted 00:04:02 (411 turns).

grimtooth the Skirmisher (Palentonga Abyssal Knight) Turns: 411, Time: 00:04:03

Health: -1/25      AC:  4    Str: 15    XL:     2   Next: 44%
Magic:  3/3        EV:  9    Int: 12    God:    Lugonu [......]
Gold:   34         SH:  0    Dex:  9    Spells: 1/1 levels left

rFire    . . .     SeeInvis +   a - +1 mace
rCold    . . .     Faith    .   (no shield)
rNeg     . . .     Spirit   .   b - +0 leather armour
rPois    .         Reflect  .   (no helmet)
rElec    .         Harm     .   (no cloak)
rCorr    .         Rampage  .   (no gloves)
Will     .....                  (no barding)
Stlth    +.........             (no amulet)
HPRegen  0.08/turn              (no ring)
MPRegen  0.08/turn              (no ring)

@: lethally poisoned (-1 -> -5), about to teleport
A: large, rugged brown scales 3, see invisible, deformed body, roll 1, armoured
tail
a: Rolling Charge, Renounce Religion


You were on level 2 of the Dungeon.
You worshipped Lugonu.
Lugonu was noncommittal.
You visited 1 branch of the dungeon, and saw 2 of its levels.
You visited the Abyss 1 time.

You collected 34 gold pieces.

Inventory:

Hand Weapons
 a - a +1 mace (weapon)
Armour
 b - a +0 leather armour (worn)
 e - a +0 buckler
Scrolls
 c - a scroll of brand weapon {unknown}


   Skills:
 + Level 3.4 Fighting
 + Level 2.6 Maces & Flails
 - Level 1.5 Armour
 - Level 0.7 Dodging
 - Level 2.0 Invocations


You had one spell level left.
You didn't know any spells.
Your spell library contained the following spells:

 Spells                   Type           Power      Damage    Failure   Level
 Inner Flame              Hex/Fire       0%         N/A       77%         3
 Cause Fear               Hex            0%         N/A       99%         4
 Discord                  Hex            0%         N/A       100%        8


Dungeon Overview and Level Annotations

Branches:
Dungeon (2/15)

Altars:


Innate Abilities, Weirdness & Mutations

You are completely covered in rugged brown scales. (AC +3, +7% HP)
You have supernaturally acute eyesight. (SInv)
Armour fits poorly on your strangely shaped body.
You can roll at nearby foes to attack.
You have a long armoured tail.


Message History

You hit the adder.
The adder is almost dead.
You feel sick. The adder barely misses you. The adder closely misses you.
An adder comes into view.
You hit the adder.
You kill the adder!
Lugonu accepts your kill.
You feel sick.
You feel sick.
You are no longer poisoned.
You aren't carrying any potions.
Roll where?
Press: ? - help, Dir - move target, f - adder
Aim: an adder You roll forward with a clatter of scales!
You barely miss the adder.
You hear a shout!
The adder bites you but does no damage.
A bat comes into view.
The adder bites you.
You are poisoned.
The adder poisons you!
You barely miss the adder.
You feel sick. The adder barely misses you.
You barely miss the adder.
You feel sick. The bat hits you but does no damage. The adder bites you.
* * * LOW HITPOINT WARNING * * *
You are lethally poisoned!
The adder poisons you! The adder barely misses you.
Enter note: - phhht
As you read the scroll labelled POOLAH XA BEK, it crumbles to dust.
You feel strangely unstable.
It was a scroll of teleportation.
* * * LOW HITPOINT WARNING * * *
You feel sick. The bat hits you but does no damage.
The adder bites you but does no damage.
* * * LOW HITPOINT WARNING * * *
You feel sick. The bat barely misses you. The adder closely misses you.
Your leather armour prevents you from hitting the adder.
* * * LOW HITPOINT WARNING * * *
You feel sick. The adder bites you.
You die...

############
#######..........#
##...#............#
#.................#
....^........#
.........>...#
........b@...#
#.......S..#.# #
#$.......##.#
...###...### .#
#.#.....# .#
#.$..##### .#
#....<...#
#...#.####.....
....#.. #.. ..# #..
. ...


You could see an adder and a bat.

Vanquished Creatures
  An adder (D:2)
  A giant cockroach (D:1)
  A goblin (D:1)
  A kobold (D:1)
  A quokka (D:1)
  A ball python (D:1)
  A bat (D:1)
  A frilled lizard (D:2)
  A rat (D:1)
9 creatures vanquished.

Notes
Turn   | Place    | Note
-------+----------+-------------------------------------------
     0 | Abyss:1  | grimtooth the Palentonga Abyssal Knight began the quest for
                  | the Orb.
     0 | Abyss:1  | Reached XP level 1. HP: 19/19 MP: 2/2
    12 | Abyss:1  | Noticed a large abomination
    13 | D:1      | Escaped the Abyss
   332 | D:1      | Found a faded altar of an unknown god.
   398 | D:2      | Reached XP level 2. HP: 25/25 MP: 3/3
   409 | D:2      | - phhht
   411 | D:2      | HP: 1/25 [poisoned by an adder]
   411 | D:2      | Slain by an adder

Illustrated notes

############
#######..........#
##...#............#
#.................#
....^......°.#
.........>°..#
.........°...#
#......b@..#.# #
#$....S..##.#
...###...### .#
#.#.....# .#
#.$..##### .#
#....<...#
#...#.####.....
....#.. #.. ..# #..
. ... ####


Turn 409 on D:2: - phhht

Levels and vault maps discovered:
D:1:      nzn_arrival_water_spiral, layout_rooms,
          shapermc_ecumenical_altar_hornbeckon
D:2:      layout_rooms

Action                   || total
-------------------------++-------
Melee: Mace              ||    26
Invok: Depart the Abyss  ||     1
 Abil: Rolling Charge    ||     6
  Use: Scroll            ||     1
Armor: Leather armour    ||    10
Dodge: Dodged            ||    15
